MapleLeafs vs Capitals

Created - December 4 2006 at 19:26

Goals
1 2 3 T
MapleLeafs 0 1 0 1
Capitals 3 0 1 4
Shots
1 2 3 T
MapleLeafs 6 11 7 24
Capitals 13 16 17 46

Period #1

1. Capitals , Chris Clark 1 (Bryan Muir, Andrew Cassels) at 8:29 (PP)
2. Capitals , Patrik Stefan 1 (Trent Hunter, Oleg Tverdovsky) at 12:51
3. Capitals , Chris Clark 2 (Bryan Muir, Dainius Zubrus) at 14:58 (PP)

Penalities :
Darcy Tucker (TOR) for Slashing (Minor) at 0:32, Carlo Colaiacovo (TOR) for High sticking (Minor) at 7:29, Matt Pettinger (WSH) for Interference (Minor) at 10:07, Steve Eminger (WSH) for Diving (Minor) at 12:19, Michael Peca (TOR) for Cross-checking (Minor) at 12:19, Michael Peca (TOR) for Holding (Minor) at 14:51

Period #2

4. MapleLeafs , Hal Gill 1 (Jason Allison, Chad Kilger) at 2:35

Penalities :
Alexander Ovechkin (WSH) for Elbowing (Minor) at 0:25, Alexander Steen (TOR) for Delaying the game (Minor) at 3:37, Alexander Ovechkin (WSH) for Elbowing (Minor) at 5:51, Bryan McCabe (TOR) for Checking from behind (Major) at 19:15

Period #3

5. Capitals , Alexander Ovechkin 2 (Shaone Morrisonn, Trent Hunter) at 9:00 (PP)

Penalities :
Jason Allison (TOR) for High sticking (Minor) at 8:41, Hal Gill (TOR) for Delaying the game (Minor) at 9:21, Dainius Zubrus (WSH) for Charging (Double Minor) at 12:37, Carlo Colaiacovo (TOR) for Hooking (Minor) at 16:54

Goalie Stats

Manny Legace (TOR), 42 saves from 46 shots - (0.913), L, 1-4-0, 60:00 minutes
Olaf Kolzig (WSH), 23 saves from 24 shots - (0.958), W, 1-0-0, 60:00 minutes

Players Stats

MapleLeafs
Player Name              G  A  P  +/- PIM S  H  SB FO MP 
-----------------------------------------------------------
Aki Berg                 0  0  0   0  0   0  0  4  0  16 
Alexander Steen          0  0  0   1  2   1  0  0  3  16 
Alexei Ponikarovsky      0  0  0   0  0   3  1  0  0  14 
Bryan McCabe             0  0  0  -1  5   1  1  2  0  23 
Carlo Colaiacovo         0  0  0   0  4   1  0  0  0  14 
Chad Kilger              0  1  1   1  0   2  0  0  2  16 
Darcy Tucker             0  0  0   0  2   1  0  0  8  19 
Eric Lindros             0  0  0   0  0   1  1  0  1  17 
Hal Gill                 1  0  1   1  2   3  2  0  0  23 
Henrik Zetterberg        0  0  0   0  0   0  0  0  0  0  
Jason Allison            0  1  1   0  2   3  2  0  28 25 
Jeff O'Neill             0  0  0   0  0   2  0  0  4  20 
Kyle Wellwood            0  0  0   0  0   0  0  0  2  5  
Mats Sundin              0  0  0  -1  0   2  0  0  32 23 
Michael Peca             0  0  0   0  4   3  0  0  16 15 
Nikolai Antropov         0  0  0   0  0   0  0  0  6  5  
Pavel Kubina             0  0  0   1  0   1  3  2  0  24 
Tomas Kaberle            0  0  0  -1  0   0  0  2  0  26 
Capitals
Player Name              G  A  P  +/- PIM S  H  SB FO MP 
-----------------------------------------------------------
Alexander Ovechkin       1  0  1  -1  4   10 1  1  9  26 
Andrew Cassels           0  1  1   0  0   7  0  0  25 19 
Brian Pothier            0  0  0   0  0   1  1  0  0  26 
Brian Sutherby           0  0  0   0  0   1  0  0  14 11 
Brooks Laich             0  0  0  -1  0   2  0  0  18 13 
Bryan Muir               0  2  2   1  0   1  0  0  0  23 
Chris Clark              2  0  2   0  0   8  2  0  3  21 
Dainius Zubrus           0  1  1   0  4   4  2  1  3  23 
Eric Fehr                0  0  0  -1  0   2  2  0  0  13 
Ivan Majesky             0  0  0  -1  0   1  1  0  0  13 
Matt Pettinger           0  0  0   0  2   0  2  0  0  9  
Oleg Tverdovsky          0  1  1   1  0   0  0  2  0  23 
Patrik Stefan            1  0  1   1  0   1  0  0  17 18 
Rene Bourque             0  0  0   0  0   0  0  0  0  0  
Richard Zednik           0  0  0   0  0   2  0  0  1  9  
Shaone Morrisonn         0  1  1   0  0   3  2  0  0  26 
Steve Eminger            0  0  0  -1  2   1  1  2  0  11 
Trent Hunter             0  2  2   1  0   2  2  0  12 19 

3 Stars

1 - Olaf Kolzig (WSH)
2 - Chris Clark (WSH)
3 - Manny Legace (TOR)

Power Play

MapleLeafs - 0 on 4 Attempt(s) - 0.00%
Capitals - 3 on 8 Attempt(s) - 37.50%

Penalty Kill

MapleLeafs - 5 on 8 Attempt(s) - 62.50% - Score 0 goal in Penalty Kill
Capitals - 4 on 4 Attempt(s) - 100.00% - Score 0 goal in Penalty Kill

Game Notes

No Game Note

Finance

Level 1 -- Attendance: 5346 (82.24%) -- Ticket Income $534,600.00
Level 2 -- Attendance: 4646 (84.48%) -- Ticket Income $278,760.00
Level 3 -- Attendance: 2198 (87.92%) -- Ticket Income $76,930.00
Level 4 -- Attendance: 3713 (82.51%) -- Ticket Income $74,260.00
Luxury Box -- Attendance: 705 (70.49%) -- Ticket Income $141,000.00
Game was played at the MCI Center
Total Attendance: 16608 (83.04%)
Total Ticket Income: $1,119,522.00
Other Expense: $74,212.60
Total Income: $1,045,309.00


Play by Play

Period #1

0:01 of 1st period - Mats Sundin wins face-off versus Patrik Stefan in neutral zone.
0:03 of 1st period - Darcy Tucker is hit by Shaone Morrisonn and loses puck.
0:32 of 1st period - Minor Penalty to Darcy Tucker for Slashing.
0:33 of 1st period - Andrew Cassels wins face-off versus Jason Allison in MapleLeafs zone.
0:46 of 1st period - Shot by Chris Clark.
0:46 of 1st period - Stopped by Manny Legace without a rebound.
0:47 of 1st period - Mats Sundin wins face-off versus Andrew Cassels in MapleLeafs zone.
1:08 of 1st period - Shot by Andrew Cassels.
1:08 of 1st period - Stopped by Manny Legace without a rebound.
1:09 of 1st period - Patrik Stefan wins face-off versus Mats Sundin in MapleLeafs zone.
1:18 of 1st period - Shot by Alexander Ovechkin.
1:18 of 1st period - Shot Blocked by Bryan McCabe.
5:31 of 1st period - Shot by Chris Clark.
5:31 of 1st period - Shot Blocked by Bryan McCabe.
6:16 of 1st period - Shot by Michael Peca.
6:16 of 1st period - Stopped by Olaf Kolzig without a rebound.
6:17 of 1st period - Brooks Laich wins face-off versus Nikolai Antropov in Capitals zone.
6:24 of 1st period - Shot by Alexander Ovechkin.
6:24 of 1st period - Stopped by Manny Legace without a rebound.
6:25 of 1st period - Jason Allison wins face-off versus Brooks Laich in MapleLeafs zone.
6:41 of 1st period - Icing by Steve Eminger.
6:42 of 1st period - Brooks Laich wins face-off versus Nikolai Antropov in Capitals zone.
6:49 of 1st period - Shot by Eric Fehr.
6:49 of 1st period - Shot Misses the Net.
6:50 of 1st period - Shot by Ivan Majesky.
6:50 of 1st period - Shot Misses the Net.
7:03 of 1st period - Shot by Brooks Laich.
7:03 of 1st period - Stopped by Manny Legace without a rebound.
7:04 of 1st period - Jason Allison wins face-off versus Andrew Cassels in MapleLeafs zone.
7:16 of 1st period - Dainius Zubrus is hit by Jason Allison and loses puck.
7:20 of 1st period - Shot by Chris Clark.
7:20 of 1st period - Stopped by Manny Legace without a rebound.
7:21 of 1st period - Brian Sutherby wins face-off versus Michael Peca in MapleLeafs zone.
7:28 of 1st period - Shot by Brian Sutherby.
7:28 of 1st period - Shot Misses the Net.
7:29 of 1st period - Shot by Brian Pothier.
7:29 of 1st period - Shot Blocked by Aki Berg.
7:29 of 1st period - Minor Penalty to Carlo Colaiacovo for High sticking.
7:30 of 1st period - Patrik Stefan wins face-off versus Jeff O'Neill in MapleLeafs zone.
8:29 of 1st period - Shot by Chris Clark.
8:29 of 1st period - Goal by Chris Clark.
8:30 of 1st period - Michael Peca wins face-off versus Brooks Laich in neutral zone.
8:34 of 1st period - Off-side.
8:35 of 1st period - Brooks Laich wins face-off versus Michael Peca in neutral zone.
8:48 of 1st period - Shot by Eric Fehr.
8:48 of 1st period - Shot Misses the Net.
8:49 of 1st period - Shot by Ivan Majesky.
8:49 of 1st period - Stopped by Manny Legace without a rebound.
8:50 of 1st period - Andrew Cassels wins face-off versus Jason Allison in MapleLeafs zone.
9:02 of 1st period - Chris Clark is hit by Jason Allison and loses puck.
10:03 of 1st period - Off-side.
10:04 of 1st period - Michael Peca wins face-off versus Brian Sutherby in neutral zone.
10:04 of 1st period - Carlo Colaiacovo is hit by Matt Pettinger and loses puck.
10:07 of 1st period - Minor Penalty to Matt Pettinger for Interference.
10:08 of 1st period - Alexander Ovechkin wins face-off versus Darcy Tucker in Capitals zone.
10:43 of 1st period - Shot by Jeff O'Neill.
10:43 of 1st period - Stopped by Olaf Kolzig without a rebound.
10:44 of 1st period - Chad Kilger wins face-off versus Trent Hunter in Capitals zone.
11:06 of 1st period - Off-side.
11:07 of 1st period - Mats Sundin wins face-off versus Trent Hunter in neutral zone.
11:26 of 1st period - Shot by Mats Sundin.
11:26 of 1st period - Shot Blocked by Oleg Tverdovsky.
11:29 of 1st period - Shot by Darcy Tucker.
11:29 of 1st period - Stopped by Olaf Kolzig without a rebound.
11:30 of 1st period - Jason Allison wins face-off versus Dainius Zubrus in Capitals zone.
11:31 of 1st period - Shot by Chad Kilger.
11:31 of 1st period - Stopped by Olaf Kolzig without a rebound.
11:32 of 1st period - Alexander Ovechkin wins face-off versus Jason Allison in Capitals zone.
12:18 of 1st period - Eric Fehr is hit by Eric Lindros and loses puck.
12:19 of 1st period - Minor Penalty to Steve Eminger for Diving.
12:19 of 1st period - Minor Penalty to Michael Peca for Cross-checking.
12:20 of 1st period - Mats Sundin wins face-off versus Trent Hunter in MapleLeafs zone.
12:51 of 1st period - Shot by Patrik Stefan.
12:51 of 1st period - Goal by Patrik Stefan.
12:52 of 1st period - Alexander Ovechkin wins face-off versus Darcy Tucker in neutral zone.
13:01 of 1st period - Shot by Shaone Morrisonn.
13:01 of 1st period - Stopped by Manny Legace with a rebound.
13:02 of 1st period - Shot by Brian Pothier.
13:02 of 1st period - Stopped by Manny Legace with a rebound.
13:38 of 1st period - Off-side.
13:39 of 1st period - Mats Sundin wins face-off versus Trent Hunter in neutral zone.
14:22 of 1st period - Shot by Mats Sundin.
14:22 of 1st period - Shot Misses the Net.
14:28 of 1st period - Alexei Ponikarovsky is hit by Steve Eminger and loses puck.
14:51 of 1st period - Minor Penalty to Michael Peca for Holding.
14:52 of 1st period - Andrew Cassels wins face-off versus Jeff O'Neill in MapleLeafs zone.
14:55 of 1st period - Shot by Dainius Zubrus.
14:55 of 1st period - Shot Misses the Net.
14:58 of 1st period - Shot by Chris Clark.
14:58 of 1st period - Goal by Chris Clark.
14:59 of 1st period - Mats Sundin wins face-off versus Brian Sutherby in neutral zone.
15:13 of 1st period - Icing by Brian Sutherby.
15:14 of 1st period - Brian Sutherby wins face-off versus Michael Peca in Capitals zone.
16:26 of 1st period - Icing by Oleg Tverdovsky.
16:27 of 1st period - Andrew Cassels wins face-off versus Mats Sundin in Capitals zone.
16:32 of 1st period - Shot by Tomas Kaberle.
16:32 of 1st period - Shot Misses the Net.
16:35 of 1st period - Shot by Mats Sundin.
16:35 of 1st period - Shot Misses the Net.
16:36 of 1st period - Shot by Bryan McCabe.
16:36 of 1st period - Stopped by Olaf Kolzig without a rebound.
16:37 of 1st period - Brooks Laich wins face-off versus Jason Allison in Capitals zone.
16:46 of 1st period - Shot by Alexander Ovechkin.
16:46 of 1st period - Stopped by Manny Legace without a rebound.
16:47 of 1st period - Brooks Laich wins face-off versus Mats Sundin in MapleLeafs zone.
17:02 of 1st period - Shot by Alexander Ovechkin.
17:02 of 1st period - Shot Misses the Net.
17:05 of 1st period - Shot by Alexander Ovechkin.
17:05 of 1st period - Shot Misses the Net.
17:06 of 1st period - Shot by Ivan Majesky.
17:06 of 1st period - Stopped by Manny Legace without a rebound.
17:07 of 1st period - Jason Allison wins face-off versus Andrew Cassels in MapleLeafs zone.
17:11 of 1st period - Pavel Kubina is hit by Chris Clark and loses puck.
17:42 of 1st period - Alexander Steen is hit by Dainius Zubrus and loses puck.
17:48 of 1st period - Shot by Chad Kilger.
17:48 of 1st period - Shot Misses the Net.
17:53 of 1st period - Shot by Alexander Steen.
17:53 of 1st period - Shot Misses the Net.
17:54 of 1st period - Shot by Jason Allison.
17:54 of 1st period - Shot Misses the Net.
17:55 of 1st period - Shot by Hal Gill.
17:55 of 1st period - Stopped by Olaf Kolzig with a rebound.
17:56 of 1st period - Shot by Chad Kilger.
17:56 of 1st period - Shot Misses the Net.
18:04 of 1st period - Off-side.
18:05 of 1st period - Patrik Stefan wins face-off versus Nikolai Antropov in neutral zone.
18:08 of 1st period - Shot by Trent Hunter.
18:08 of 1st period - Shot Misses the Net.
18:30 of 1st period - Kyle Wellwood is hit by Trent Hunter and loses puck.
18:57 of 1st period - Nikolai Antropov is hit by Brian Pothier and loses puck.
19:49 of 1st period - Shot by Dainius Zubrus.
19:49 of 1st period - Shot Blocked by Aki Berg.
19:50 of 1st period - Shot by Ivan Majesky.
19:50 of 1st period - Shot Blocked by Aki Berg.
19:51 of 1st period - Shot by Steve Eminger.
19:51 of 1st period - Shot Misses the Net.
19:52 of 1st period - Shot by Brooks Laich.
19:52 of 1st period - Shot Misses the Net.
19:55 of 1st period - Shot by Eric Fehr.
19:55 of 1st period - Shot Misses the Net.

Period #2

0:01 of 2nd period - Patrik Stefan wins face-off versus Jeff O'Neill in neutral zone.
0:25 of 2nd period - Minor Penalty to Alexander Ovechkin for Elbowing.
0:26 of 2nd period - Trent Hunter wins face-off versus Jason Allison in Capitals zone.
1:05 of 2nd period - Shot by Jason Allison.
1:05 of 2nd period - Stopped by Olaf Kolzig without a rebound.
1:06 of 2nd period - Trent Hunter wins face-off versus Mats Sundin in Capitals zone.
1:38 of 2nd period - Icing by Bryan McCabe.
1:39 of 2nd period - Trent Hunter wins face-off versus Mats Sundin in MapleLeafs zone.
2:15 of 2nd period - Icing by Hal Gill.
2:16 of 2nd period - Jason Allison wins face-off versus Trent Hunter in MapleLeafs zone.
2:25 of 2nd period - Shot by Alexander Steen.
2:25 of 2nd period - Stopped by Olaf Kolzig without a rebound.
2:26 of 2nd period - Michael Peca wins face-off versus Brooks Laich in Capitals zone.
2:29 of 2nd period - Shot by Eric Lindros.
2:29 of 2nd period - Shot Misses the Net.
2:30 of 2nd period - Shot by Carlo Colaiacovo.
2:30 of 2nd period - Stopped by Olaf Kolzig without a rebound.
2:31 of 2nd period - Jason Allison wins face-off versus Brooks Laich in Capitals zone.
2:34 of 2nd period - Shot by Jason Allison.
2:34 of 2nd period - Shot Blocked by Alexander Ovechkin.
2:35 of 2nd period - Shot by Hal Gill.
2:35 of 2nd period - Goal by Hal Gill.
2:36 of 2nd period - Michael Peca wins face-off versus Brooks Laich in neutral zone.
2:48 of 2nd period - Icing by Ivan Majesky.
2:49 of 2nd period - Brooks Laich wins face-off versus Alexander Steen in Capitals zone.
2:53 of 2nd period - Off-side.
2:54 of 2nd period - Andrew Cassels wins face-off versus Jason Allison in neutral zone.
2:59 of 2nd period - Shot by Andrew Cassels.
2:59 of 2nd period - Stopped by Manny Legace without a rebound.
3:00 of 2nd period - Brian Sutherby wins face-off versus Mats Sundin in MapleLeafs zone.
3:15 of 2nd period - Shot by Richard Zednik.
3:15 of 2nd period - Stopped by Manny Legace without a rebound.
3:16 of 2nd period - Jason Allison wins face-off versus Andrew Cassels in MapleLeafs zone.
3:18 of 2nd period - Icing by Alexander Steen.
3:19 of 2nd period - Andrew Cassels wins face-off versus Alexander Steen in MapleLeafs zone.
3:23 of 2nd period - Chris Clark is hit by Hal Gill and loses puck.
3:34 of 2nd period - Icing by Hal Gill.
3:35 of 2nd period - Patrik Stefan wins face-off versus Jason Allison in MapleLeafs zone.
3:37 of 2nd period - Minor Penalty to Alexander Steen for Delaying the game.
3:38 of 2nd period - Mats Sundin wins face-off versus Patrik Stefan in MapleLeafs zone.
3:42 of 2nd period - Off-side.
3:43 of 2nd period - Andrew Cassels wins face-off versus Jeff O'Neill in neutral zone.
4:02 of 2nd period - Shot by Dainius Zubrus.
4:02 of 2nd period - Stopped by Manny Legace without a rebound.
4:03 of 2nd period - Patrik Stefan wins face-off versus Darcy Tucker in MapleLeafs zone.
4:06 of 2nd period - Shot by Alexander Ovechkin.
4:06 of 2nd period - Shot Misses the Net.
4:07 of 2nd period - Shot by Shaone Morrisonn.
4:07 of 2nd period - Stopped by Manny Legace without a rebound.
4:08 of 2nd period - Darcy Tucker wins face-off versus Patrik Stefan in MapleLeafs zone.
5:32 of 2nd period - Icing by Oleg Tverdovsky.
5:33 of 2nd period - Andrew Cassels wins face-off versus Mats Sundin in Capitals zone.
5:51 of 2nd period - Minor Penalty to Alexander Ovechkin for Elbowing.
5:52 of 2nd period - Jason Allison wins face-off versus Trent Hunter in neutral zone.
6:32 of 2nd period - Off-side.
6:33 of 2nd period - Chris Clark wins face-off versus Mats Sundin in neutral zone.
7:46 of 2nd period - Shot by Alexander Steen.
7:46 of 2nd period - Shot Blocked by Dainius Zubrus.
7:51 of 2nd period - Shot by Alexander Steen.
7:51 of 2nd period - Shot Misses the Net.
7:55 of 2nd period - Michael Peca is hit by Alexander Ovechkin and loses puck.
8:03 of 2nd period - Shot by Alexei Ponikarovsky.
8:03 of 2nd period - Shot Blocked by Steve Eminger.
8:04 of 2nd period - Shot by Carlo Colaiacovo.
8:04 of 2nd period - Shot Misses the Net.
8:07 of 2nd period - Shot by Eric Lindros.
8:07 of 2nd period - Shot Misses the Net.
8:14 of 2nd period - Shot by Eric Lindros.
8:14 of 2nd period - Shot Misses the Net.
8:15 of 2nd period - Shot by Carlo Colaiacovo.
8:15 of 2nd period - Shot Blocked by Steve Eminger.
8:18 of 2nd period - Shot by Alexei Ponikarovsky.
8:18 of 2nd period - Stopped by Olaf Kolzig without a rebound.
8:19 of 2nd period - Nikolai Antropov wins face-off versus Andrew Cassels in Capitals zone.
8:40 of 2nd period - Shot by Dainius Zubrus.
8:40 of 2nd period - Stopped by Manny Legace with a rebound.
8:43 of 2nd period - Shot by Andrew Cassels.
8:43 of 2nd period - Stopped by Manny Legace with a rebound.
8:44 of 2nd period - Shot by Oleg Tverdovsky.
8:44 of 2nd period - Shot Misses the Net.
8:49 of 2nd period - Shot by Andrew Cassels.
8:49 of 2nd period - Stopped by Manny Legace without a rebound.
8:50 of 2nd period - Brooks Laich wins face-off versus Jason Allison in MapleLeafs zone.
9:12 of 2nd period - Icing by Pavel Kubina.
9:13 of 2nd period - Jason Allison wins face-off versus Brian Sutherby in MapleLeafs zone.
9:19 of 2nd period - Pavel Kubina is hit by Matt Pettinger and loses puck.
9:21 of 2nd period - Shot by Pavel Kubina.
9:21 of 2nd period - Stopped by Olaf Kolzig with a rebound.
9:22 of 2nd period - Shot by Hal Gill.
9:22 of 2nd period - Shot Misses the Net.
9:23 of 2nd period - Shot by Hal Gill.
9:23 of 2nd period - Stopped by Olaf Kolzig without a rebound.
9:24 of 2nd period - Michael Peca wins face-off versus Patrik Stefan in Capitals zone.
9:55 of 2nd period - Shot by Alexander Ovechkin.
9:55 of 2nd period - Stopped by Manny Legace with a rebound.
9:58 of 2nd period - Shot by Trent Hunter.
9:58 of 2nd period - Stopped by Manny Legace without a rebound.
9:59 of 2nd period - Andrew Cassels wins face-off versus Mats Sundin in MapleLeafs zone.
10:18 of 2nd period - Shot by Darcy Tucker.
10:18 of 2nd period - Shot Blocked by Oleg Tverdovsky.
10:31 of 2nd period - Shot by Dainius Zubrus.
10:31 of 2nd period - Shot Misses the Net.
10:32 of 2nd period - Shot by Bryan Muir.
10:32 of 2nd period - Stopped by Manny Legace without a rebound.
10:33 of 2nd period - Alexander Ovechkin wins face-off versus Jason Allison in MapleLeafs zone.
10:34 of 2nd period - Shot by Brooks Laich.
10:34 of 2nd period - Shot Hit the Post.
10:35 of 2nd period - Shot by Ivan Majesky.
10:35 of 2nd period - Stopped by Manny Legace without a rebound.
10:36 of 2nd period - Brooks Laich wins face-off versus Jason Allison in MapleLeafs zone.
10:41 of 2nd period - Shot by Alexander Ovechkin.
10:41 of 2nd period - Stopped by Manny Legace without a rebound.
10:42 of 2nd period - Chad Kilger wins face-off versus Brian Sutherby in MapleLeafs zone.
10:52 of 2nd period - Icing by Brian Pothier.
10:53 of 2nd period - Michael Peca wins face-off versus Brian Sutherby in Capitals zone.
10:56 of 2nd period - Shot by Alexei Ponikarovsky.
10:56 of 2nd period - Stopped by Olaf Kolzig with a rebound.
10:57 of 2nd period - Shot by Aki Berg.
10:57 of 2nd period - Shot Misses the Net.
11:57 of 2nd period - Icing by Ivan Majesky.
11:58 of 2nd period - Alexander Ovechkin wins face-off versus Mats Sundin in Capitals zone.
12:40 of 2nd period - Jeff O'Neill is hit by Eric Fehr and loses puck.
13:20 of 2nd period - Shot by Chad Kilger.
13:20 of 2nd period - Shot Misses the Net.
13:23 of 2nd period - Shot by Jason Allison.
13:23 of 2nd period - Stopped by Olaf Kolzig with a rebound.
13:28 of 2nd period - Shot by Jason Allison.
13:28 of 2nd period - Shot Misses the Net.
13:33 of 2nd period - Shot by Alexander Steen.
13:33 of 2nd period - Shot Misses the Net.
13:46 of 2nd period - Shot by Chad Kilger.
13:46 of 2nd period - Stopped by Olaf Kolzig without a rebound.
13:47 of 2nd period - Brian Sutherby wins face-off versus Michael Peca in Capitals zone.
14:33 of 2nd period - Michael Peca is hit by Shaone Morrisonn and loses puck.
15:08 of 2nd period - Michael Peca is hit by Eric Fehr and loses puck.
15:14 of 2nd period - Shot by Alexander Ovechkin.
15:14 of 2nd period - Stopped by Manny Legace without a rebound.
15:15 of 2nd period - Mats Sundin wins face-off versus Andrew Cassels in MapleLeafs zone.
15:21 of 2nd period - Icing by Dainius Zubrus.
15:22 of 2nd period - Jason Allison wins face-off versus Andrew Cassels in Capitals zone.
15:44 of 2nd period - Jason Allison is hit by Dainius Zubrus and loses puck.
16:51 of 2nd period - Alexander Ovechkin is hit by Bryan McCabe and loses puck.
16:55 of 2nd period - Shot by Alexander Ovechkin.
16:55 of 2nd period - Stopped by Manny Legace without a rebound.
16:56 of 2nd period - Brooks Laich wins face-off versus Nikolai Antropov in MapleLeafs zone.
17:22 of 2nd period - Icing by Steve Eminger.
17:23 of 2nd period - Jason Allison wins face-off versus Brooks Laich in Capitals zone.
17:32 of 2nd period - Shot by Jason Allison.
17:32 of 2nd period - Stopped by Olaf Kolzig with a rebound.
17:37 of 2nd period - Shot by Eric Fehr.
17:37 of 2nd period - Stopped by Manny Legace with a rebound.
18:03 of 2nd period - Icing by Pavel Kubina.
18:04 of 2nd period - Brian Sutherby wins face-off versus Alexander Steen in MapleLeafs zone.
18:06 of 2nd period - Matt Pettinger is hit by Pavel Kubina and loses puck.
18:12 of 2nd period - Shot by Brian Sutherby.
18:12 of 2nd period - Shot Blocked by Pavel Kubina.
18:13 of 2nd period - Shot by Richard Zednik.
18:13 of 2nd period - Stopped by Manny Legace without a rebound.
18:14 of 2nd period - Andrew Cassels wins face-off versus Michael Peca in MapleLeafs zone.
18:26 of 2nd period - Chris Clark is hit by Alexei Ponikarovsky and loses puck.
19:15 of 2nd period - Major Penalty to Bryan McCabe for Checking from behind.
19:16 of 2nd period - Patrik Stefan wins face-off versus Mats Sundin in MapleLeafs zone.
19:36 of 2nd period - Off-side.
19:37 of 2nd period - Mats Sundin wins face-off versus Patrik Stefan in neutral zone.

Period #3

0:01 of 3rd period - Mats Sundin wins face-off versus Patrik Stefan in neutral zone.
1:05 of 3rd period - Icing by Chris Clark.
1:06 of 3rd period - Andrew Cassels wins face-off versus Mats Sundin in Capitals zone.
1:23 of 3rd period - Shot by Andrew Cassels.
1:23 of 3rd period - Stopped by Manny Legace without a rebound.
1:24 of 3rd period - Darcy Tucker wins face-off versus Dainius Zubrus in MapleLeafs zone.
1:51 of 3rd period - Shot by Dainius Zubrus.
1:51 of 3rd period - Shot Blocked by Aki Berg.
2:33 of 3rd period - Icing by Shaone Morrisonn.
2:34 of 3rd period - Patrik Stefan wins face-off versus Mats Sundin in Capitals zone.
4:35 of 3rd period - Shot by Alexei Ponikarovsky.
4:35 of 3rd period - Shot Misses the Net.
4:36 of 3rd period - Shot by Carlo Colaiacovo.
4:36 of 3rd period - Stopped by Olaf Kolzig without a rebound.
4:37 of 3rd period - Brian Sutherby wins face-off versus Kyle Wellwood in Capitals zone.
4:48 of 3rd period - Shot by Richard Zednik.
4:48 of 3rd period - Shot Misses the Net.
4:49 of 3rd period - Shot by Brian Sutherby.
4:49 of 3rd period - Stopped by Manny Legace without a rebound.
4:50 of 3rd period - Andrew Cassels wins face-off versus Darcy Tucker in MapleLeafs zone.
4:55 of 3rd period - Shot by Chris Clark.
4:55 of 3rd period - Stopped by Manny Legace without a rebound.
4:56 of 3rd period - Andrew Cassels wins face-off versus Kyle Wellwood in MapleLeafs zone.
5:07 of 3rd period - Shot by Chris Clark.
5:07 of 3rd period - Shot Misses the Net.
5:08 of 3rd period - Shot by Oleg Tverdovsky.
5:08 of 3rd period - Shot Misses the Net.
5:13 of 3rd period - Shot by Dainius Zubrus.
5:13 of 3rd period - Stopped by Manny Legace without a rebound.
5:14 of 3rd period - Jason Allison wins face-off versus Brian Sutherby in MapleLeafs zone.
5:35 of 3rd period - Shot by Alexander Steen.
5:35 of 3rd period - Shot Misses the Net.
5:41 of 3rd period - Richard Zednik is hit by Hal Gill and loses puck.
6:19 of 3rd period - Shot by Alexander Ovechkin.
6:19 of 3rd period - Shot Misses the Net.
6:22 of 3rd period - Shot by Brooks Laich.
6:22 of 3rd period - Stopped by Manny Legace without a rebound.
6:23 of 3rd period - Mats Sundin wins face-off versus Andrew Cassels in MapleLeafs zone.
7:02 of 3rd period - Shot by Chris Clark.
7:02 of 3rd period - Shot Misses the Net.
7:16 of 3rd period - Icing by Bryan Muir.
7:17 of 3rd period - Michael Peca wins face-off versus Chris Clark in Capitals zone.
7:25 of 3rd period - Alexei Ponikarovsky is hit by Chris Clark and loses puck.
8:15 of 3rd period - Shot by Alexander Ovechkin.
8:15 of 3rd period - Stopped by Manny Legace with a rebound.
8:16 of 3rd period - Shot by Steve Eminger.
8:16 of 3rd period - Stopped by Manny Legace without a rebound.
8:17 of 3rd period - Brian Sutherby wins face-off versus Jason Allison in MapleLeafs zone.
8:41 of 3rd period - Minor Penalty to Jason Allison for High sticking.
8:42 of 3rd period - Patrik Stefan wins face-off versus Mats Sundin in Capitals zone.
8:51 of 3rd period - Shot by Alexander Ovechkin.
8:51 of 3rd period - Shot Blocked by Tomas Kaberle.
8:54 of 3rd period - Shot by Patrik Stefan.
8:54 of 3rd period - Shot Blocked by Tomas Kaberle.
8:57 of 3rd period - Shot by Alexander Ovechkin.
8:57 of 3rd period - Shot Misses the Net.
9:00 of 3rd period - Shot by Alexander Ovechkin.
9:00 of 3rd period - Goal by Alexander Ovechkin.
9:01 of 3rd period - Jason Allison wins face-off versus Andrew Cassels in neutral zone.
9:16 of 3rd period - Shot by Dainius Zubrus.
9:16 of 3rd period - Stopped by Manny Legace with a rebound.
9:19 of 3rd period - Shot by Chris Clark.
9:19 of 3rd period - Shot Misses the Net.
9:21 of 3rd period - Minor Penalty to Hal Gill for Delaying the game.
9:22 of 3rd period - Jason Allison wins face-off versus Alexander Ovechkin in MapleLeafs zone.
9:31 of 3rd period - Shot by Trent Hunter.
9:31 of 3rd period - Shot Misses the Net.
9:32 of 3rd period - Shot by Shaone Morrisonn.
9:32 of 3rd period - Stopped by Manny Legace without a rebound.
9:33 of 3rd period - Andrew Cassels wins face-off versus Mats Sundin in MapleLeafs zone.
9:42 of 3rd period - Shot by Chris Clark.
9:42 of 3rd period - Stopped by Manny Legace without a rebound.
9:43 of 3rd period - Darcy Tucker wins face-off versus Patrik Stefan in MapleLeafs zone.
9:56 of 3rd period - Shot by Alexander Ovechkin.
9:56 of 3rd period - Stopped by Manny Legace without a rebound.
9:57 of 3rd period - Mats Sundin wins face-off versus Andrew Cassels in MapleLeafs zone.
10:30 of 3rd period - Shot by Chris Clark.
10:30 of 3rd period - Stopped by Manny Legace with a rebound.
10:33 of 3rd period - Shot by Dainius Zubrus.
10:33 of 3rd period - Shot Blocked by Pavel Kubina.
10:38 of 3rd period - Shot by Andrew Cassels.
10:38 of 3rd period - Stopped by Manny Legace without a rebound.
10:39 of 3rd period - Mats Sundin wins face-off versus Trent Hunter in MapleLeafs zone.
11:16 of 3rd period - Shot by Patrik Stefan.
11:16 of 3rd period - Shot Misses the Net.
11:21 of 3rd period - Shot by Trent Hunter.
11:21 of 3rd period - Stopped by Manny Legace without a rebound.
11:22 of 3rd period - Michael Peca wins face-off versus Brooks Laich in MapleLeafs zone.
11:22 of 3rd period - Carlo Colaiacovo is hit by Ivan Majesky and loses puck.
11:33 of 3rd period - Icing by Aki Berg.
11:34 of 3rd period - Andrew Cassels wins face-off versus Michael Peca in MapleLeafs zone.
11:41 of 3rd period - Shot by Chris Clark.
11:41 of 3rd period - Stopped by Manny Legace without a rebound.
11:42 of 3rd period - Richard Zednik wins face-off versus Jason Allison in MapleLeafs zone.
12:22 of 3rd period - Shaone Morrisonn is hit by Pavel Kubina and loses puck.
12:25 of 3rd period - Icing by Chad Kilger.
12:26 of 3rd period - Dainius Zubrus wins face-off versus Jason Allison in MapleLeafs zone.
12:28 of 3rd period - Chris Clark is hit by Pavel Kubina and loses puck.
12:37 of 3rd period - Double Minor Penalty to Dainius Zubrus for Charging.
12:38 of 3rd period - Mats Sundin wins face-off versus Trent Hunter in MapleLeafs zone.
14:29 of 3rd period - Shot by Jeff O'Neill.
14:29 of 3rd period - Stopped by Olaf Kolzig without a rebound.
14:30 of 3rd period - Michael Peca wins face-off versus Alexander Ovechkin in Capitals zone.
14:51 of 3rd period - Shot by Michael Peca.
14:51 of 3rd period - Shot Misses the Net.
15:20 of 3rd period - Shot by Mats Sundin.
15:20 of 3rd period - Stopped by Olaf Kolzig with a rebound.
15:23 of 3rd period - Shot by Mats Sundin.
15:23 of 3rd period - Stopped by Olaf Kolzig without a rebound.
15:24 of 3rd period - Alexander Ovechkin wins face-off versus Mats Sundin in Capitals zone.
15:32 of 3rd period - Icing by Tomas Kaberle.
15:33 of 3rd period - Mats Sundin wins face-off versus Trent Hunter in MapleLeafs zone.
16:23 of 3rd period - Icing by Pavel Kubina.
16:24 of 3rd period - Jason Allison wins face-off versus Alexander Ovechkin in MapleLeafs zone.
16:41 of 3rd period - Shot by Alexei Ponikarovsky.
16:41 of 3rd period - Shot Misses the Net.
16:46 of 3rd period - Shot by Michael Peca.
16:46 of 3rd period - Stopped by Olaf Kolzig without a rebound.
16:47 of 3rd period - Michael Peca wins face-off versus Brian Sutherby in Capitals zone.
16:48 of 3rd period - Shot by Alexei Ponikarovsky.
16:48 of 3rd period - Stopped by Olaf Kolzig with a rebound.
16:54 of 3rd period - Minor Penalty to Carlo Colaiacovo for Hooking.
16:55 of 3rd period - Chris Clark wins face-off versus Mats Sundin in Capitals zone.
17:10 of 3rd period - Shot by Chris Clark.
17:10 of 3rd period - Stopped by Manny Legace without a rebound.
17:11 of 3rd period - Darcy Tucker wins face-off versus Patrik Stefan in MapleLeafs zone.
17:11 of 3rd period - Jeff O'Neill is hit by Trent Hunter and loses puck.
19:05 of 3rd period - Shot by Michael Peca.
19:05 of 3rd period - Stopped by Olaf Kolzig without a rebound.
19:06 of 3rd period - Eric Lindros wins face-off versus Brooks Laich in Capitals zone.
19:14 of 3rd period - Icing by Alexander Ovechkin.
19:15 of 3rd period - Brooks Laich wins face-off versus Nikolai Antropov in Capitals zone.


Output by the STHS for Stephane Roy -- Original Page W3C XHTML 1.0 Valid